 Dungeon Crawl Stone Soup version 0.29-a0-352-g0917bc69df (webtiles) character file.

Game seed: 13080383873009310911

77 quokkamancerX the Ducker (level 4, -1/33 HPs)
             Began as a Merfolk Gladiator on Apr 24, 2022.
             Slain by an endoplasm (2 damage)
             ... on level 2 of the Dungeon.
             The game lasted 00:05:04 (1199 turns).

quokkamancerX the Ducker (Merfolk Gladiator)        Turns: 1199, Time: 00:05:06

Health: -1/33      AC:  4    Str: 14    XL:     4   Next: 33%
Magic:  4/4        EV: 14    Int:  7    God:
Gold:   61         SH:  0    Dex: 17    Spells: 3/3 levels left

rFire   . . .      SeeInvis .   a - +0 long sword
rCold   . . .      Faith    .   (no shield)
rNeg    . . .      Spirit   .   b - +0 leather armour
rPois   .          Reflect  .   c - +0 helmet
rElec   .          Harm     .   (no cloak)
rCorr   .          Rampage  .   (no gloves)
Will    .....                   (no boots)
Stlth   +.........              (no amulet)
HPRegen 0.11/turn               (no ring)
MPRegen 0.09/turn               (no ring)

@: no status effects
A: (nimble swimmer 2), mertail
a: no special abilities


You were on level 2 of the Dungeon.
You visited 1 branch of the dungeon, and saw 2 of its levels.

You collected 61 gold pieces.

Inventory:

Hand Weapons
 a - a +0 long sword (weapon)
Missiles
 d - 2 throwing nets (quivered)
 e - a javelin
Armour
 b - a +0 leather armour (worn)
 c - a +0 helmet (worn)
Scrolls
 f - a scroll of noise {unknown}
 g - a scroll of fear {unknown}
 j - a scroll of teleportation {unknown}
Potions
 h - a potion of degeneration {unknown}
 i - a potion of curing {unknown}


   Skills:
 - Level 2.1 Fighting
 + Level 5.0 Long Blades
 - Level 2.0 Throwing
 + Level 5.4 Dodging


You had 3 spell levels left.
You didn't know any spells.
Your spell library was empty.

Dungeon Overview and Level Annotations

Branches:
Dungeon (2/15)

Altars:


Innate Abilities, Weirdness & Mutations

((You are very nimble when in or above water. (Stealth+, EV+, Speed+++)))
Your lower body shifts to a powerful aquatic tail in water.


Message History

The hound is almost dead.
The hound completely misses you. The endoplasm hits you.
* * * LOW HITPOINT WARNING * * *
The hound barely misses you. The endoplasm barely misses you.
You barely miss the hound.
The hound is almost dead.
The hound closely misses you.
The endoplasm hits you but does no damage.
You barely miss the hound.
The hound is almost dead.
The hound closely misses you. The hound barely misses you.
The endoplasm hits you but does no damage.
You closely miss the hound.
The hound is almost dead.
The hound bites you but does no damage. The endoplasm freezes you.
You are frozen.
* * * LOW HITPOINT WARNING * * *
The hound bites you.
* * * LOW HITPOINT WARNING * * *
You hit the hound.
The hound is almost dead.
The hound barely misses you.
The endoplasm hits you but does no damage.
The hound closely misses you.
Unknown command.
You slash the hound!
You kill the hound!
The endoplasm freezes you.
You are frozen.
* * * LOW HITPOINT WARNING * * *
Your Long Blades skill increases to level 5!
You have reached level 4!
You hit the endoplasm.
The endoplasm is heavily wounded.
The endoplasm freezes you.
You are frozen.
* * * LOW HITPOINT WARNING * * *
The endoplasm hits you.
You die...

### # ..#.# #...# ### ##.#.
#...# ... ... #...# ###
#.##.#### #...# ####..
#.......# #...#
#....#####.....#######...####
#......#...J@..#.............
#......#.#####...............
# #........#####
#..>..........
###.#.....##.......
#####...####
....###.........##. #...#
#.......#####...... #...#
#.......#####...### #...#
#.##...........##
########..<# .....##..#.##..#
#.........†###


You could see an endoplasm.

Vanquished Creatures
  A hound (D:2)
  An adder (D:2)
  A dart slug (D:1)
  3 bats
  3 endoplasms (D:1)
  2 giant cockroaches (D:1)
  2 goblins (D:1)
  5 hobgoblins
  2 jackals (D:1)
  3 kobolds (D:1)
  A quokka (D:2)
  7 ball pythons
  2 frilled lizards (D:1)
  A rat (D:1)
34 creatures vanquished.

Notes
Turn   | Place    | Note
-------+----------+-------------------------------------------
     0 | D:1      | quokkamancerX the Merfolk Gladiator began the quest for the
                  | Orb.
     0 | D:1      | Reached XP level 1. HP: 16/16 MP: 1/1
    16 | D:1      | Noticed a polar bear
    16 | D:1      | Noticed a rime drake
    16 | D:1      | Noticed a redback
    16 | D:1      | Noticed a snapping turtle
    16 | D:1      | Noticed a swamp worm
   189 | D:1      | Reached XP level 2. HP: 22/22 MP: 2/2
   614 | D:1      | Reached XP level 3. HP: 24/27 MP: 3/3
   794 | D:1      | Found a faded altar of an unknown god.
   945 | D:2      | Reached skill level 5 in Dodging
  1199 | D:2      | Reached skill level 5 in Long Blades
  1199 | D:2      | Reached XP level 4. HP: 2/33 MP: 4/4
  1199 | D:2      | HP: 1/33 [frozen (1)]
  1199 | D:2      | Slain by an endoplasm

Illustrated notes

Levels and vault maps discovered:
D:1:      onia_arrival_zoo_common, layout_rooms,
          hellmonk_ecumenical_altar_zigzags
D:2:      layout_loops_cross, minmay_small_reverse_x

Skill      XL: |  1  2  3 |
---------------+----------+-----
Long Blades    | 4 5 |  5.0
Dodging        | 5 |  5.4
Fighting       | |  2.1
Throwing       | |  2.0

Action                   |  1- 3 |  4- 6 || total
-------------------------+-------+-------++-------
Melee: Long sword        |   101 |     1 ||   102
Throw: Javelin           |     1 |       ||     1
       Throwing net      |     1 |       ||     1
 Stab: Sleeping          |     1 |       ||     1
Armor: Leather armour    |    32 |       ||    32
Dodge: Dodged            |    76 |       ||    76

Table legend: (Time is in decaauts)
 A = Elapsed time spent in this place.
 B = Non-inter-level travel time spent in this place.
 C = Inter-level travel time spent in this place.
 D = Time resting spent in this place.
 E = Time spent auto-exploring this place.
 F = Levels seen in this place.
 G = Mean time per level.
                   A        B        C        D        E       F      G
               +--------+--------+--------+--------+--------+-----+--------+
         Total |   1217 |   1199 |     18 |    122 |    520 |   2 |  608.5 |
       Dungeon |   1217 |   1199 |     18 |    122 |    520 |   2 |  608.5 |
               +--------+--------+--------+--------+--------+-----+--------+

Top non-repeatable levels by time:
     D:1: 917 daAuts
     D:2: 300 daAuts
